 Dungeon Crawl Stone Soup version 0.29.1-2-gbd0b4ee654 (webtiles) character file.

Game seed: 10504382998106384887

320 styxcanada the Covert (level 6, -4/30 HPs)
             Began as a Spriggan Brigand on Nov 16, 2022.
             Was an Initiate of Gozag.
             Slain by a gnoll
             ... wielding a +0 halberd
              (15 damage)
             ... on level 5 of the Dungeon.
             The game lasted 00:13:57 (4113 turns).

styxcanada the Covert (Spriggan Brigand)            Turns: 4113, Time: 00:13:59

Health: -4/30      AC:  3    Str:  7    XL:     6   Next: 22%
Magic:  7/7        EV: 18    Int: 13    God:    Gozag
Gold:   84         SH:  0    Dex: 18    Spells: 5/5 levels left

rFire   . . .      SeeInvis +   w - +1 rapier (venom)
rCold   . . .      Faith    .   (no shield)
rNeg    . . .      Spirit   .   b - +0 robe
rPois   .          Reflect  .   (helmet restricted)
rElec   .          Harm     .   c - +0 cloak
rCorr   .          Rampage  .   (gloves unavailable)
Will    +....                   (boots unavailable)
Stlth   ++++......              (no amulet)
HPRegen 0.10/turn               (no ring)
MPRegen 0.10/turn               (no ring)

@: gold aura, very quick
A: very small, no large weapons, unfitting armour, see invisible, speed 3
a: Renounce Religion, Potion Petition, Call Merchant, Bribe Branch


You were on level 5 of the Dungeon.
You worshipped Gozag.
Gozag was noncommittal.
You visited 2 branches of the dungeon, and saw 6 of its levels.

You collected 205 gold pieces.
You spent 66 gold pieces at shops.
You paid 55 gold pieces to Gozag.

Inventory:

Hand Weapons
 a - a +2 dagger of draining
 m - a +0 sling
 t - a +0 dagger of electrocution
 w - a +1 rapier of venom (weapon)
Missiles
 g - a curare-tipped dart
 i - 16 poisoned darts (quivered)
 q - 39 stones
 y - a throwing net
Armour
 b - a +0 robe (worn)
 c - a +0 cloak (worn)
 d - a +1 hat
Jewellery
 k - a +4 ring of evasion
 r - an amulet of the acrobat
Wands
 e - a wand of light (11)
 v - a wand of flame (16)
Scrolls
 n - 2 scrolls of teleportation
 s - a scroll of summoning
Potions
 f - 5 potions of curing
 h - a potion of flight
 j - a potion of heal wounds
 l - a potion of mutation
 o - a potion of ambrosia
 p - 2 potions of lignification {unknown}
 u - 2 potions of degeneration {unknown}
 x - 2 potions of attraction {unknown}
 z - a potion of berserk rage {unknown}


   Skills:
 * Level 2.2 Fighting
 + Level 3.1 Short Blades
 + Level 0.3 Ranged Weapons
 + Level 2.5 Throwing
 * Level 3.8 Dodging
 * Level 9.0 Stealth
 * Level 1.0 Evocations


You had 5 spell levels left.
You didn't know any spells.
Your spell library contained the following spells:

 Spells                   Type           Power      Damage    Failure   Level
 Ozocubu's Armour         Ice            0%         N/A       67%         3
 Passage of Golubria      Tloc           0%         N/A       97%         4
 Silence                  Hex/Air        0%         N/A       100%        5
 Ozocubu's Refrigeration  Ice            0%         4d7       100%        7
 Lehudib's Crystal Spear  Conj/Erth      0%         10d2      100%        8


Dungeon Overview and Level Annotations

Branches:
Dungeon (5/15)             Temple (1/1) D:4

Altars:
Cheibriados
Dithmenos
Fedhas
Gozag
Hepliaklqana
Kikubaaqudgha
Makhleb
Nemelex Xobeh
Okawaru
Ru
Sif Muna
Trog
Uskayaw
Wu Jian
Xom

Shops:
D:3 ?((?


Innate Abilities, Weirdness & Mutations

You are very small and have problems with some larger weapons.
You are too small for most types of armour.
You have supernaturally acute eyesight. (SInv)
You cover ground extremely quickly. (Speed+++)


Message History

The hound is almost dead.
You kill the hound!
You now have 76 gold pieces (gained 7).
Okay, then.
A necrophage comes into view.
A gnoll comes into view. It is wielding a +0 whip.
The helpless necrophage fails to defend itself.
You skewer the necrophage like a kebab!!!
You destroy the necrophage!
Your Short Blades skill increases to level 3!
Your Stealth skill increases to level 9!
Your Evocations skill increases to level 1!
You have reached level 6!
You now have 84 gold pieces (gained 8).
A gnoll comes into view. It is wielding a +0 spear.
The gnoll shouts!
A gnoll comes into view. It is wielding a +0 halberd.
The gnoll shouts!
The gnoll completely misses you.
You hit the gnoll but do no damage.
The gnoll is poisoned.
The gnoll misses you.
You hit the gnoll.
The gnoll looks as sick as possible!
The gnoll is heavily wounded.
The gnoll hits you from afar with a +0 spear.
The gnoll hits you with a +0 whip.
You hit the gnoll but do no damage.
The gnoll is heavily wounded.
The gnoll closely misses you. The gnoll hits you with a +0 whip.
You hit the gnoll.
You kill the gnoll!
The gnoll hits you from afar with a +0 spear.
Things that are here:
7 gold pieces; a +0 whip You puncture the gnoll!
The gnoll is poisoned.
The gnoll is severely wounded.
The gnoll hits you with a +0 spear.
The gnoll hits you from afar with a +0 halberd!
Ouch! That really hurt!
You die...
Your body crumbles into a pile of gold.

$ ... #
#...####### .#
#...#.....# #.#
..........# ...#
......#...#####..#
......#......@gg#
.........########
......#.##
....#>..###
...##.....##
#.......#..#
##........##
#.........#
#.........####


You could see 2 gnolls.

Vanquished Creatures
  A necrophage (D:5)
  2 hounds
  An orc priest (D:2)
  6 gnolls
  4 adders (D:2)
  A dart slug (D:2)
  2 worms (D:2)
  7 orcs
  4 endoplasms
  2 giant cockroaches (D:4)
  4 goblins
  7 hobgoblins
  8 kobolds
  5 quokkas
  3 ball pythons
  4 bats
  4 frilled lizards
  2 rats
67 creatures vanquished.

Notes
Turn   | Place    | Note
-------+----------+-------------------------------------------
     0 | D:1      | styxcanada the Spriggan Brigand began the quest for the
                  | Orb.
     0 | D:1      | Reached XP level 1. HP: 10/10 MP: 2/2
   106 | D:1      | Reached skill level 6 in Stealth
   401 | D:1      | Reached XP level 2. HP: 6/15 MP: 3/3
  1147 | D:1      | Found a faded altar of an unknown god.
  1173 | D:1      | Reached skill level 7 in Stealth
  1455 | D:2      | Reached XP level 3. HP: 18/18 MP: 4/4
  1606 | D:2      | Reached XP level 4. HP: 12/23 MP: 5/5
  2443 | D:2      | Reached skill level 8 in Stealth
  2514 | D:3      | Found Ytuits's Magic Scroll Shoppe.
  2518 | D:3      | Bought a scroll of identify for 22 gold pieces
  2518 | D:3      | Bought a scroll of identify for 22 gold pieces
  2567 | D:3      | Reached XP level 5. HP: 22/26 MP: 6/6
  2791 | D:3      | Found Seomusugh's Weapon Shoppe.
  2819 | D:3      | Found Ismaol's Antique Weapon Emporium.
  2853 | D:3      | Found Osseujeg's Magic Scroll Shoppe.
  2861 | D:3      | Bought a scroll of identify for 22 gold pieces
  3725 | D:4      | Found a staircase to the Ecumenical Temple.
  3736 | Temple   | Entered the Ecumenical Temple
  3791 | Temple   | Became a worshipper of Gozag Ym Sagoz the Greedy
  4081 | D:5      | Entered Level 5 of the Dungeon
  4102 | D:5      | Reached skill level 9 in Stealth
  4102 | D:5      | Reached skill level 1 in Evocations
  4102 | D:5      | Reached XP level 6. HP: 30/30 MP: 7/7
  4113 | D:5      | Slain by a gnoll

Illustrated notes

Levels and vault maps discovered:
D:1:      dpeg_arrival_central, layout_basic,
          shapermc_ecumenical_altar_starsandcircs
D:2:      cheibrodos_helix_gallery, layout_loops_ring, due_unseen_surprise
D:3:      layout_basic, nicolae_overflow_hidden_temple, serial_shops,
          nicolae_shop_trees, nicolae_diamond_shop, nicolae_shop_trees, shop
D:4:      layout_cave_pools, minmay_temple_entry_drinking_statues
D:5:      layout_cave_pools, mainiacjoe_overflow_alcove_4, gup_sewer_entry_pipe,
          roderic_roman_lattice, minivault_19
Temple:   nicolae_temple_bog_church

Skill      XL: |  1  2  3  4  5 |
---------------+----------------+-----
Stealth        | 6 7 8 9 |  9.0
Dodging        | 2 3 |  3.8
Fighting       | 2 |  2.2
Short Blades   | 3 |  3.1
Evocations     | 1 |  1.0
Ranged Weapons | |  0.3
Throwing       | |  2.5

Action                   |  1- 3 |  4- 6 || total
-------------------------+-------+-------++-------
Melee: Dagger            |    59 |    77 ||   136
       Punch             |       |     2 ||     2
       Rapier            |       |    35 ||    35
 Fire: Sling             |     6 |       ||     6
Throw: Dart              |    22 |     4 ||    26
       Stone             |     4 |       ||     4
  Use: Scroll            |     2 |    10 ||    12
 Stab: Sleeping          |     4 |    13 ||    17
       Distracted        |       |     1 ||     1
Armor: Robe              |     4 |     8 ||    12
Dodge: Dodged            |    35 |    75 ||   110
